Map: [ESL] Ghost River

Players

Lambo - Winner!

  • Race: Zerg Zerg
  • Spawn Location: 1:00

Krystianer

  • Race: Protoss Protoss
  • Spawn Location: 11:00

Event: ESL SC2 Masters 2024 Spring (Regional)

VOD

Have the link to the VOD?

Description

Time

  • Played on: April 18, 2024, 10:42 a.m.
  • Length: 3:46

All games in this series

Show
View Real Time Build Order
Export as new Build Order

Lambo Zerg - Winner!

Build Orders: Hatch First 

Get SALT Encoding   

  12  0:00  Drone  
  13  0:12  Overlord  
  13  0:17  Drone  
  14  0:30  Drone  
  14  0:31  Drone  
  16  0:47  Hatchery  
  15  0:50  Drone  
  15  0:54  Drone  
  17  0:57  Drone  
  18  1:09  Extractor  
  17  1:12  Spawning Pool  
  17  1:16  Drone  
  17  1:19  Drone  
  18  1:28  Drone  
  19  1:38  Overlord  
  19  1:59  Queen x2  
  19  2:00  Zergling x6  
  26  2:09  Metabolic Boost  
  26  2:12  Zergling x4  
  28  2:30  Hatchery  
  28  2:33  Zergling x2  
  28  2:36  Zergling x2  
  29  2:39  Zergling x2  
  29  2:43  Zergling x4  
  32  2:52  Zergling x2  
  32  2:56  Overlord  
  33  3:00  Zergling x2  
  34  3:06  Zergling x4  
  34  3:11  Zergling x2  
  36  3:16  Zergling x8  
  40  3:22  Zergling x4  
  42  3:27  Zergling x4  
Show
View Real Time Build Order
Export as new Build Order

Krystianer Protoss 

Build Orders: 1 Gate Expand, Oracle Opening 

Get SALT Encoding   

  12  0:00  Probe  
  13  0:12  Probe  
  14  0:18  Pylon  
  14  0:24  Probe (Chrono Boost)  
  15  0:36  Probe (Chrono Boost)  
  15  0:39  Gateway  
  16  0:45  Probe (Chrono Boost)  
  16  0:46  Assimilator  
  17  0:50  Probe  
  18  1:03  Probe  
  19  1:15  Probe  
  20  1:23  Nexus  
  20  1:33  Cybernetics Core  
  20  1:37  Probe  
  21  1:42  Assimilator  
  21  1:49  Probe  
  21  1:51  Pylon  
  23  2:01  Probe  
  23  2:07  Adept (Chrono Boost)  
  23  2:13  Probe  
  26  2:17  Stargate  
  26  2:27  Probe (Chrono Boost), Adept (Chrono Boost)  
  29  2:34  Probe (Chrono Boost)  
  30  2:43  Probe x2 (Chrono Boost)  
  32  2:49  Probe x2 (Chrono Boost)  
  36  3:01  Oracle, Probe x2  
  41  3:07  Pylon  
  41  3:18  Pylon  
  37  3:22  Probe  
  37  3:23  Probe  
Tags
 
Add a new tag
Caveats
  • Supply blocks, unpowered buildings, or Contaminate may cause inaccurate times.
  • Supply counts are checked every 10 seconds.